 Dungeon Crawl Stone Soup version 0.21-a0-578-gc6e9d75 (webtiles) character file.

52 Gaball the Cudgeler (level 3, -8/29 HPs)
             Began as a Barachi Monk on Dec 18, 2017.
             Killed from afar by a wretched star (24 damage)
             ... with an orb of energy
             ... on level 1 of the Abyss.
             The game lasted 00:03:44 (1599 turns).

Gaball the Cudgeler (Barachi Monk)                  Turns: 1599, Time: 00:03:45

Health: -8/29      AC:  5    Str:  8 (9)  XL:     3   Next: 85%
Magic:  3/3        EV: 13    Int:  9 (10) God:
Gold:   97         SH:  0    Dex: 11 (14) Spells: 2/2 levels left

rFire    . . .     SeeInvis .   a - +0 mace
rCold    . . .     Gourm    .   (no shield)
rNeg     . . .     Faith    .   b - +0 robe
rPois    .         Spirit   .   (no helmet)
rElec    .         Reflect  .   (no cloak)
rCorr    .         Harm     .   (no gloves)
MR       .....                  (no boots)
Stlth    ++........             (no amulet)
HPRegen  0.09/turn              f - +3 ring of protection
MPRegen  0.08/turn              (no ring)

@: about to teleport, can't hop, studying Maces & Flails, slow
A: +LOS, swims, slowness 1, [weak 2], strong legs 1
a: Hop


You were on level 1 of the Abyss.
You were hungry.

You visited 1 branch of the dungeon, and saw 2 of its levels.
You visited the Abyss 1 time.

You collected 97 gold pieces.

Inventory:

Hand Weapons
 a - a +0 mace (weapon)
Armour
 b - a +0 robe (worn)
Jewellery
 f - a +3 ring of protection (left hand)
Scrolls
 e - a scroll of blinking {unknown}
 i - a scroll of remove curse {unknown}
 k - a scroll of identify {unknown}
Books
 l - a manual of Maces & Flails
Comestibles
 c - 2 rations


   Skills:
 - Level 3.6 Fighting
 + Level 5.1 Maces & Flails
 - Level 3.2 Dodging
 - Level 1.7 Stealth


You had 2 spell levels left.
You didn't know any spells.

Dungeon Overview and Level Annotations

Branches:
Dungeon (2/15)

Altars:

Annotations:
D:2 Crazy Yiuf


Innate Abilities, Weirdness & Mutations

Shadows flee at your approach. (+LOS)
You can swim through water.
You cover ground slowly.
You can hop short distances.
[You are very weak. (Str -4)]


Message History

Your resistance to elements expires.
Found 22 stones.
A starcursed mass splits.
The starcursed mass shrieks in your mind.
Hop to where?
Press: ? - help, Dir - move target cursor Boing!
Found 37 gold pieces.
A wretched star comes into view.
The wretched star glows turbulently.
The orb of energy misses you.
As you read the scroll of teleportation, it crumbles to dust.
You feel strangely unstable.
You feel the power of the Abyss delaying your translocation!
The wretched star pulses with an eldritch light!
You feel weaker. x2
The wretched star glows turbulently.
The orb of energy hits you!
Ouch! That really hurt!
You die...

# # .# .## ..
## .##.. ...
.##...# ...
#.###....# ...
#.....#..##.# .
#.###@.###..#
.. .#.......#
#.#.###...#.#
..#..#.#.#..#
#$.. ..##*#.#
..##....#..##..
.
#.#.#.....#.##
.........#### .
..##.. .....# .


You could see a wretched star.

Vanquished Creatures
  An ooze (D:1)
  A dart slug (D:1)
  A leopard gecko (D:1)
  An orc (D:2)
  6 bats
  A giant cockroach (D:1)
  6 goblins
  7 hobgoblins
  6 frilled lizards
  7 kobolds
  6 rats
43 creatures vanquished.

Notes
Turn   | Place    | Note
-------+----------+-------------------------------------------
     0 | D:1      | Gaball the Barachi Monk began the quest for the Orb.
     0 | D:1      | Reached XP level 1. HP: 18/18 MP: 1/1
   219 | D:1      | Reached XP level 2. HP: 20/24 MP: 2/2
   239 | D:1      | Reached skill level 4 in Maces & Flails
   459 | D:1      | Reached XP level 3. HP: 29/29 MP: 3/3
  1035 | D:2      | Found a runed door.
  1095 | D:2      | Reached skill level 5 in Maces & Flails
  1489 | D:2      | Noticed Crazy Yiuf
  1495 | D:2      | Cast into level 1 of the Abyss (Crazy Yiuf)
  1550 | Abyss:1  | Noticed a chaos spawn
  1552 | Abyss:1  | Noticed a raiju
  1557 | Abyss:1  | Noticed a raiju
  1573 | Abyss:1  | Noticed a starcursed mass
  1595 | Abyss:1  | Noticed a wretched star
  1599 | Abyss:1  | Killed from afar by a wretched star

Vault maps used:
D:1:      dpeg_arrival_morbid_curiosity
D:2:      corexii_shack, grunt_ministairs_4, minivault_25,
          uniq_crazy_yiuf_cottage

Skill      XL: |  1  2  3 |
---------------+----------+-----
Maces & Flails | 4 5 |  5.1
Fighting       | |  3.6
Dodging        | |  3.2
Stealth        | |  1.7

Action                   || total
-------------------------++-------
Melee: Mace              ||   115
 Abil: Hop               ||     1
  Use: Potion            ||     3
       Scroll            ||     2
 Stab: Sleeping          ||     7
  Eat: Chunk             ||     2
Armor: Robe              ||    29
Dodge: Dodged            ||    89

Table legend:
 A = Spawn XP
 B = Non-spawn XP
 C = Spawn XP percentage of total XP
 D = Spawn monster count
 E = Non-spawn monster count
 F = Spawn count percentage of total count
 G = Total turns spent on level
                    A         B        C        D         E        F      G
               +---------+---------+-------+---------+---------+-------+---------
         Total |       0 |      75 |   0.0 |       0 |      43 |   0.0 |  1599
               +---------+---------+-------+---------+---------+-------+---------
           D:1 |       0 |      51 |   0.0 |       0 |      26 |   0.0 |   923
           D:2 |       0 |      24 |   0.0 |       0 |      17 |   0.0 |   572
               +---------+---------+-------+---------+---------+-------+---------
